[Event "Summer Chess Classic-A 2022"]
[Site "Saint Louis"]
[Date "2022.06.05"]
[Round "4.5"]
[White "Yu, Yangyi"]
[Black "Smirin, Ilia"]
[Result "1-0"]
[ECO "B43"]
[WhiteElo "2710"]
[BlackElo "2599"]
[Annotator "TA"]
[PlyCount "105"]
[EventDate "2022.05.31"]
[EventType "tourn"]
[EventCountry "USA"]
[SourceTitle "playchess.com"]
[Source "ChessBase"]
[SourceQuality "1"]
[TimeControl "40/5400+30:1800+30"]

1. e4 {[%emt 0:00:06] Moradiabadi,E} c5 2. Nf3 e6 3. d4 cxd4 4. Nxd4 a6 5. Nc3 b5 6. Bd3 Qb6 7. Nf3 Nc6 8. O-O Qb8 9. Re1 {[%emt 0:00:19] B43: Sicilian: Kan Variation: 5 Nc3.} Bd6 10. e5 Bc7 11. Bf4 {[%emt 0:01:07] White is slightly better.} Nge7 12. Qe2 {[%emt 0:02:28] [#]} f5 $146 ({Predecessor:} 12... Ng6 13. Bg3 Bb7 14. Rad1 Nce7 15. Be4 Bxe4 16. Nxe4 O-O 17. Rxd7 Nd5 18. Nd6 Nb6 19. Rxf7 Rxf7 20. Nxf7 Kxf7 {0-1 (30) Grischuk,A (2746)-Svidler,P (2739) Khanty-Mansiysk 2011 CBM 145 [Moradiabadi,E]}) 13. exf6 $1 Bxf4 14. fxe7 Nxe7 15. g3 Bh6 16. Ng5 {[%emt 0:15:21] Strongly threatening Qh5+.} g6 {[%emt 0:02:23] Prevents Qh5.} 17. Qg4 Qb6 18. Qh4 (18. Nf7 $2 Kxf7 19. Nxb5 (19. Qf3+ $2 Kg7 $19) 19... Bb7 $19) (18. Be4 $5 Rb8 19. Qh4 Bxg5 20. Qxg5 $14) 18... Bg7 (18... Bxg5 $11 19. Qxg5 O-O) 19. Nxe6 {[%emt 0:02:58] 0x0.001e35dcadb2dp-1022s more active pieces. The black rooks are badly placed.} dxe6 $16 {[%emt 0:00:11] [#]} 20. Qxe7+ $1 {[%emt 0:00:08][%mdl 64] Remove Defender, Decoy} Kxe7 21. Nd5+ $1 Kf7 22. Nxb6 Rb8 23. Nxc8 Rhxc8 24. Rab1 Rc5 25. Re4 Re5 26. Rf4+ Bf6 27. h4 Ke7 28. Kg2 a5 29. a4 bxa4 30. Rxa4 Rb4 31. Rba1 {[%emt 0:01:19] Threatens to win with Rxb4.} Rxb2 32. Rxa5 Rxa5 33. Rxa5 {[%emt 0:00:09][%mdl 4096] Endgame Hoping for Ra7+. KRB-KRB} Kf7 34. h5 Rb7 35. f4 Kg7 36. Kf3 Rf7 37. Kg4 Re7 38. Ra6 gxh5+ 39. Kxh5 e5 40. Ra4 exf4 41. gxf4 Bc3 42. Ra6 Bd2 43. Kg4 h5+ 44. Kg5 h4 (44... Rd7 $14) 45. Kg4 $1 ({Much worse is} 45. Kxh4 $6 Bxf4 46. Kg4 Bc1 $11) 45... Rd7 46. Ra4 $1 {[%emt 0:00:00] Inhibits Rd4.} Be1 47. f5 $1 Rf7 48. Re4 Bg3 {[%emt 0:00:00] [#]} ({Black should try} 48... Bf2) 49. Bc4 $1 Rc7 (49... Rf6 $16 50. Re7+ Kf8) 50. Bb3 $18 Rc6 {[%emt 0:02:30] [#]} 51. Kg5 {[%emt 0:00:00][%cal Of5f6] f6+! is the strong threat.} h3 52. Re7+ Kh8 $2 (52... Kf8 $18 53. Rf7+ Ke8) 53. f6 {[%emt 0:00:00] Weighted Error Value: White=0.05 (flawless) /Black=0.27 (precise)} (53. Re8+ $142 Kh7 54. Bg8+ Kg7 55. Bd5 (55. f6+ Rxf6 56. Bd5 Bf4+ 57. Kg4 h2 $11) 55... Bh4+ 56. Kxh4 Rc5 57. c4 h2 58. Re1) 1-0

[Event "Summer Chess Classic-A 2022"]
[Site "Saint Louis"]
[Date "2022.06.06"]
[Round "5.1"]
[White "Theodorou, Nikolas"]
[Black "Yu, Yangyi"]
[Result "1/2-1/2"]
[ECO "E06"]
[WhiteElo "2567"]
[BlackElo "2710"]
[Annotator "TA"]
[PlyCount "93"]
[EventDate "2022.05.31"]
[EventType "tourn"]
[EventCountry "USA"]
[SourceTitle "playchess.com"]
[Source "ChessBase"]
[SourceQuality "1"]
[TimeControl "40/5400+30:1800+30"]

1. d4 Nf6 2. c4 e6 3. Nf3 d5 4. g3 Be7 5. Bg2 O-O 6. O-O c6 7. Qc2 b6 $1 {[%emt 0:00:40][%mdl 4] is more profitable than 7...Nbd7 at the moment.} 8. Bf4 Bb7 9. Nbd2 Nh5 {[%emt 0:03:14] E06: Closed Catalan: Early deviations.} 10. e3 Nd7 11. cxd5 exd5 12. h4 {[%emt 0:00:22] [#]} Re8 $146 ({Predecessor:} 12... c5 13. Nb1 b5 14. Ng5 g6 15. Nc3 cxd4 16. Nxd5 Rc8 17. Qd1 Bxd5 18. Bxd5 Nxf4 19. exf4 {½-½ (32) Shpakovsky,A (2546)-Rallabandi,P (2488) ICCF email 2020}) 13. Rad1 Rc8 14. Nb1 Nxf4 15. exf4 c5 16. Nc3 Nf6 17. Bh3 (17. dxc5 {feels hotter.} Bxc5 18. Ne5 Bb4 19. Qa4) 17... Rb8 18. Rfe1 cxd4 19. Nxd4 Bc5 {[%emt 0:00:13] [#] Threatens to win with ...Rxe1+.} 20. Re5 a6 21. Na4 {[%emt 0:05:38] Pair of Knights!} Ne4 22. Rxe8+ Qxe8 23. Bg2 g6 24. Nxc5 bxc5 25. Nf3 Qe7 26. h5 (26. Ne5 {looks sharper.} f5 27. Qb3 Qd6 28. g4) 26... Nf6 (26... gxh5 $14 27. Ne5 Nf6) 27. hxg6 hxg6 28. f5 Qe4 29. Qxc5 Qxf5 30. Qc7 Qc8 31. Qf4 {[%emt 0:00:07] White is much more active.} Qd8 32. Nd4 (32. Ne5 $16 {Strongly threatening g4.} Rc8 33. Rd3) 32... Rc8 $14 33. Bf3 Ne4 34. Kg2 Qf6 35. Qxf6 Nxf6 36. Be2 a5 37. f3 Kf8 38. Kf2 Ne8 39. Rd3 Nd6 40. Ra3 Nc4 41. Bxc4 dxc4 42. Rxa5 {[%emt 0:00:00] KRB-KRN} c3 43. bxc3 Rxc3 44. Rb5 Rd3 (44... Bc8 $14) 45. Rb4 (45. Rxb7 $16 Rxd4 46. Ra7) 45... Bd5 $11 {[%emt 0:00:00] Inhibits Nc6.} 46. a4 Ke7 47. Ke2 {[%emt 0:00:00] Weighted Error Value: White=0.10 (very precise) /Black=0.08 (flawless)} 1/2-1/2

[Event "Summer Chess Classic-A 2022"]
[Site "Saint Louis"]
[Date "2022.06.06"]
[Round "5.2"]
[White "Sevian, Samuel"]
[Black "Oparin, Grigoriy"]
[Result "1/2-1/2"]
[ECO "A34"]
[WhiteElo "2703"]
[BlackElo "2685"]
[Annotator "TA"]
[PlyCount "80"]
[EventDate "2022.05.31"]
[EventType "tourn"]
[EventCountry "USA"]
[SourceTitle "playchess.com"]
[Source "ChessBase"]
[SourceQuality "1"]
[TimeControl "40/5400+30:1800+30"]

1. c4 Nf6 2. Nc3 c5 3. Nf3 e6 4. e4 Nc6 5. Be2 d5 6. exd5 exd5 7. d4 cxd4 {[%emt 0:01:11] The position is equal.} 8. Nxd4 {[%emt 0:00:51] A34: Symmetrical English: 2 Nc3, lines with ...d5.} dxc4 (8... Bc5 {is interesting.} 9. Nb3 Bb4 10. O-O Be6) 9. Nxc6 {[%emt 0:11:59][%csl Gc6][%cal Rd1d8] [#]} (9. Be3 {seems wilder.} Nxd4 10. Bxd4 Be6 11. O-O) 9... Qxd1+ 10. Nxd1 {[%emt 0:00:05] And now Ne5 would win.} bxc6 11. Bxc4 Nd5 12. Bd2 Be6 13. Rc1 {[%emt 0:00:44] [#]} Rb8 $146 ({Predecessor:} 13... Be7 14. Ne3 O-O 15. O-O a5 16. Rfd1 Rfd8 17. Nxd5 cxd5 18. Bb5 a4 {½-½ (18) Deac,B (2626)-Sychev,K (2563) Moscow 2020}) 14. O-O Bd6 15. Bb3 Bf4 16. Bxf4 Nxf4 17. Bc4 {[%emt 0:01:27] Inhibits Ne2+.} Rb4 18. Re1 O-O 19. Bf1 Bxa2 20. Rxc6 Bb3 21. Ra6 Bxd1 22. Rxd1 Rxb2 23. Rxa7 Ne2+ 24. Bxe2 Rxe2 $11 {[%emt 0:00:04][%mdl 4096] Endgame KRR-KRR} 25. g3 g6 26. Kg2 Kg7 27. Rd3 Re6 28. h4 h5 29. Raa3 Rf6 30. Rf3 Rxf3 31. Rxf3 {[%emt 0:00:07] KR-KR} Ra8 32. Rf4 Ra5 33. Kf3 Ra8 34. Rb4 Ra3+ 35. Kg2 Ra8 36. Rb6 Ra3 37. Rd6 Rb3 38. Rd2 Ra3 39. Re2 Rb3 40. Ra2 Rc3 {[%emt 0:00:04] A balanced but interesting game.  Weighted Error Value: White=0.02 (flawless) /Black=0.02 (flawless)} 1/2-1/2

[Event "Summer Chess Classic-A 2022"]
[Site "Saint Louis"]
[Date "2022.06.06"]
[Round "5.3"]
[White "Mishra, Abhimanyu"]
[Black "Gledura, Benjamin"]
[Result "1/2-1/2"]
[ECO "C55"]
[WhiteElo "2535"]
[BlackElo "2644"]
[Annotator "TA"]
[PlyCount "107"]
[EventDate "2022.05.31"]
[EventType "tourn"]
[EventCountry "USA"]
[SourceTitle "playchess.com"]
[Source "ChessBase"]
[SourceQuality "1"]
[TimeControl "40/5400+30:1800+30"]

1. e4 e5 2. Nf3 Nc6 3. Bc4 Nf6 4. d3 Be7 5. O-O O-O 6. Re1 d6 7. a4 a5 {[%emt 0:00:22] 7...h6 is setting a new trend. C55: Two Knights: 4 d3, 4 d4 exd4 5 e5 and Max Lange Attack.} 8. c3 Be6 9. Bxe6 fxe6 {[%emt 0:00:08] White is slightly better.} 10. Na3 {[%emt 0:00:49] [#]} h6 $146 ({Predecessor:} 10... Qd7 11. Nb5 Rae8 12. d4 exd4 13. Nbxd4 Nxd4 14. Nxd4 Bd8 15. Nb3 c6 16. f3 e5 {½-½ (58) Murphy,C (2382)-Balaji,A (2273) London 2021}) 11. Nb5 Qd7 12. h3 Rf7 13. Be3 Raf8 14. Qe2 Nh5 15. Rad1 Nf4 16. Bxf4 Rxf4 17. Rf1 (17. d4 $11) 17... Bd8 (17... Rxf3 $5 18. gxf3 Bg5 $11) 18. Nh2 Ne7 19. Ng4 h5 20. Ne3 Qe8 (20... c6 $5 21. Na3 Qe8 $11) 21. g3 R4f6 22. h4 Qf7 (22... Qg6 $142) 23. Ng2 d5 24. exd5 (24. d4 $11) 24... exd5 $17 {[%emt 0:04:26] aiming for ...c6.} 25. Qxe5 Nc6 ({Black should play} 25... Nf5 $1 $17) 26. Qe2 $1 $14 Re8 27. Qd2 Ne5 {[%emt 0:01:03] Hoping for ...Nf3+.} 28. f4 Ng4 29. Nd4 c5 30. Nf3 Qd7 31. b3 b5 32. axb5 Qxb5 33. Qc2 Rfe6 34. Rfe1 Rxe1+ 35. Rxe1 Rxe1+ 36. Ngxe1 Bf6 37. c4 Qe8 (37... Qb6 $1 $11) 38. Ng2 $1 $16 ({Don't do} 38. cxd5 Bd4+ 39. Kh1 Bf2 $14) 38... d4 39. Qa2 (39. Qd1 $16) 39... Kh7 40. Qc2 (40. Kf1 $16) 40... Nh6 (40... Kg8 $11) 41. Qf2 (41. Qd1 $142 $1) 41... a4 {[%emt 0:08:06] [#]} 42. bxa4 Qxa4 43. Qe2 g6 44. Nfe1 ({White should try} 44. Nh2 $16) 44... Qd7 $11 45. Qf3 Qh3 46. Qb7+ Kh8 (46... Bg7 $2 47. Nf3 Kg8 48. Ng5 $18) 47. Qb8+ Kh7 48. Qc7+ Kg8 49. Qb8+ Kg7 50. Qc7+ Kg8 ({Don't take} 50... Nf7 51. Kf2 $14) 51. Qxc5 Qxg3 52. Qd5+ Kg7 ({Much less strong is} 52... Kh8 53. c5 $16) 53. c5 {[%emt 0:01:19] Black must now prevent c6.} Nf5 {[%emt 0:04:50] [#]} (53... Ng4 $11 {keeps the balance.} 54. Qf3 Qh2+ 55. Kf1 Bxh4) 54. Qb7+ $1 {[%emt 0:00:43] Weighted Error Value: White=0.16 (very precise) /Black=0.23 (precise)} 1/2-1/2

[Event "Summer Chess Classic-A 2022"]
[Site "Saint Louis"]
[Date "2022.06.06"]
[Round "5.4"]
[White "Hakobyan, Aram"]
[Black "Bjerre, Jonas Buhl"]
[Result "1-0"]
[ECO "A36"]
[WhiteElo "2615"]
[BlackElo "2610"]
[Annotator "TA"]
[PlyCount "59"]
[EventDate "2022.05.31"]
[EventType "tourn"]
[EventCountry "USA"]
[SourceTitle "playchess.com"]
[Source "ChessBase"]
[SourceQuality "1"]
[TimeControl "40/5400+30:1800+30"]

1. c4 c5 2. g3 Nc6 3. Bg2 g6 4. Nc3 Bg7 5. d3 d6 6. Qd2 {[%emt 0:00:09] A36: Symmetrical English vs ...g6: 4 Bg2 Bg7.} e6 7. b3 Nge7 8. Bb2 {[%emt 0:00:03] The position is equal.} O-O 9. h4 h6 10. h5 {[%emt 0:01:13] Threatens to win with hxg6.} g5 11. f4 {[%emt 0:00:27] [#]} g4 $146 ({Predecessor:} 11... gxf4 12. gxf4 d5 13. Nf3 d4 14. Ne4 Nf5 15. O-O-O Qe7 16. Rdg1 Kh8 17. Bh3 Rg8 {½-½ (41) Francisco,R (2281)-Ludwig,J (2360) Charlotte 2019}) 12. e4 {[%emt 0:00:22] Inhibits Nf5.} (12. Rh4 $5 ) 12... f5 (12... d5 $5) 13. Nge2 a6 14. O-O-O Rb8 15. exf5 Nxf5 16. Bxc6 bxc6 17. Ne4 Nd4 18. Nxd4 cxd4 19. c5 {[%emt 0:01:15] White is more active.} dxc5 20. Ba3 (20. Nxc5 $6 e5 $11) 20... Rf5 {[%emt 0:07:48] [#]} (20... Rb5 $142) 21. Rh4 $1 $16 ({Don't do} 21. Bxc5 Rb5) ({Weaker is} 21. Nxc5 Qe7 22. Qg2 Rxc5+ 23. Kb2 Qa7 24. Bxc5 Qxc5 $17) 21... Rb5 (21... e5 $16) 22. Rxg4 $18 Ra5 23. Kb2 Kh7 {[%emt 0:06:23] [#]} 24. Rxg7+ Kxg7 25. g4 {[%emt 0:00:08][%cal Bg3g4,Bg4g5,Bg5h6][%mdl 32] Dancing on a razor blade.} Rd5 (25... Rf7 $142 26. g5 (26. Bxc5 Rxc5 27. Nxc5 Qd6 $18) 26... Kh8 27. gxh6 Rxa3) 26. g5 Rb5 (26... hxg5 $142 27. fxg5 c4) 27. Rg1 (27. gxh6+ $142 Kh8 28. Qg2) 27... Rb7 28. Qg2 (28. gxh6+ $142 Kh8 29. Qg2) 28... Kh8 29. gxh6 {[%emt 0:00:28][%cal Oe4f6] White threatens Nf6! and mate.} Rf7 {[%emt 0:02:16] [#] Inhibits Nf6.} 30. Nf6 $1 {[%emt 0:00:46][%mdl 512] Weighted Error Value: White=0.06 (flawless) /Black=0.64} 1-0

[Event "Summer Chess Classic-A 2022"]
[Site "Saint Louis"]
[Date "2022.06.07"]
[Round "6.1"]
[White "Gledura, Benjamin"]
[Black "Hakobyan, Aram"]
[Result "1/2-1/2"]
[ECO "D79"]
[WhiteElo "2644"]
[BlackElo "2615"]
[Annotator "TA"]
[PlyCount "23"]
[EventDate "2022.05.31"]
[EventType "tourn"]
[EventCountry "USA"]
[SourceTitle "playchess.com"]
[Source "ChessBase"]
[SourceQuality "1"]
[TimeControl "40/5400+30:1800+30"]

1. d4 Nf6 2. c4 g6 3. g3 c6 4. Bg2 d5 5. cxd5 cxd5 6. Nf3 Bg7 7. O-O O-O 8. Ne5 {[%emt 0:01:26] [#]} Ng4 $146 ({Predecessor:} 8... Ne4 9. Nd2 Nc6 10. Nxe4 dxe4 11. Nxc6 bxc6 12. Bxe4 Bh3 13. Re1 {½-½ (13) Matlakov,M (2674)-Giri,A (2773) Chess.com INT 2022}) 9. Nf3 Nf6 10. Ne5 Ng4 {[%emt 0:00:21] 10...Nc6 is setting a new trend.} 11. Nf3 Nf6 12. Ne5 1/2-1/2

[Event "Summer Chess Classic-A 2022"]
[Site "Saint Louis"]
[Date "2022.06.07"]
[Round "6.2"]
[White "Oparin, Grigoriy"]
[Black "Mishra, Abhimanyu"]
[Result "1/2-1/2"]
[ECO "D43"]
[WhiteElo "2685"]
[BlackElo "2535"]
[Annotator "TA"]
[PlyCount "82"]
[EventDate "2022.05.31"]
[EventType "tourn"]
[EventCountry "USA"]
[SourceTitle "playchess.com"]
[Source "ChessBase"]
[SourceQuality "1"]
[TimeControl "40/5400+30:1800+30"]

1. c4 c6 2. d4 d5 3. Nf3 Nf6 4. Nc3 e6 5. Qd3 dxc4 6. Qxc4 b5 7. Qd3 a6 8. g4 $1 {[%emt 0:00:13][%mdl 4] is more profitable than 8.e4 at the moment. D43: Semi-Slav: 5 Bg5 h6.} (8. e4 $11) 8... c5 (8... Nxg4 $15 9. Bg5 Nf6) 9. g5 $11 {[%emt 0:00:20] [#] The position is equal.} cxd4 $5 $146 {[%emt 0:02:15][%mdl 8] An interesting novelty.} ({Predecessor:} 9... c4 10. Qe3 Nd5 11. Nxd5 Qxd5 12. Bg2 Bb4+ 13. Kf1 Bb7 14. h4 Qf5 15. a3 Bd6 {½-½ (36) Li,D (2579)-Ding,L (2799) Hangzhou 2022}) 10. Qxd4 Qxd4 11. Nxd4 Bb7 12. Rg1 Nfd7 13. Nb3 Bb4 14. Bd2 O-O 15. Rd1 Nc5 16. Rg4 Nxb3 17. axb3 Nc6 18. Bg2 {[%emt 0:01:21] [#] aiming for Bxc6.} Be7 19. Ne4 Rfd8 20. Rg3 Rab8 21. Rc1 Bb4 22. f4 (22. Bc3 {seems wilder.} Ba8 23. Nf6+ gxf6 24. gxf6+ Kh8 25. Bxc6 Bd6 26. Ba5) 22... Bxd2+ 23. Nxd2 Nb4 24. Bxb7 Rxb7 25. Kf2 Kf8 26. Nf3 Nd5 27. e3 Rc7 28. Rxc7 Nxc7 {[%emt 0:00:01][%mdl 4096] Endgame KRN-KRN} 29. Ke2 {[%emt 0:00:56] Inhibits Rd3.} Nd5 30. Rg1 Rc8 31. Nd4 {[%emt 0:00:16] Against Rc2+} Ke7 32. h4 Nb4 33. h5 Nc6 34. Kd3 Nxd4 35. Kxd4 {[%emt 0:00:33] KR-KR} h6 36. Ra1 Rc6 37. e4 Kd7 38. e5 Ke7 39. Kd3 Ke8 40. Rg1 Kf8 41. Ra1 Ke7 {[%emt 0:04:40] A balanced but interesting game.  Weighted Error Value: White=0.05 (flawless) /Black=0.04 (flawless)} 1/2-1/2

[Event "Summer Chess Classic-A 2022"]
[Site "Saint Louis"]
[Date "2022.06.07"]
[Round "6.3"]
[White "Yu, Yangyi"]
[Black "Sevian, Samuel"]
[Result "1/2-1/2"]
[ECO "C83"]
[WhiteElo "2710"]
[BlackElo "2703"]
[Annotator "TA"]
[PlyCount "80"]
[EventDate "2022.05.31"]
[EventType "tourn"]
[EventCountry "USA"]
[SourceTitle "playchess.com"]
[Source "ChessBase"]
[SourceQuality "1"]
[TimeControl "40/5400+30:1800+30"]

1. e4 e5 2. Nf3 Nc6 3. Bb5 a6 4. Ba4 Nf6 5. O-O Nxe4 6. d4 b5 7. Bb3 d5 8. dxe5 Be6 9. c3 Be7 10. Nbd2 O-O 11. Re1 Nc5 {[%emt 0:01:34] The position is equal.} 12. Nd4 {[%emt 0:02:14] C83: Open Ruy Lopez: 9 c3 Be7.} Nxd4 (12... Nxb3 $2 13. Nxc6 Qe8 14. Nxe7+ Qxe7 15. Nxb3 $18) 13. cxd4 Nd3 14. Re3 Nxc1 15. Rxc1 a5 16. Nf3 {[%emt 0:03:49] [#]} a4 $146 ({Predecessor:} 16... Rc8 17. Rec3 a4 18. Bc2 g6 19. Bd3 b4 20. Rc6 Bd7 21. R6c2 b3 22. axb3 axb3 {½-½ (48) McShane,L (2713)-Erdos,V (2637) Germany 2012}) 17. Bc2 a3 18. b3 Rc8 19. Bd3 c5 20. dxc5 Bxc5 21. Re2 Qb6 22. Rec2 g6 23. Qd2 Be7 24. Qe3 Qb7 25. Nd4 Rxc2 26. Rxc2 b4 27. h4 Rc8 28. Nxe6 Rxc2 29. Bxc2 {[%emt 0:00:06] [#] Black must now prevent Nf4.} fxe6 $11 {[%emt 0:00:04][%mdl 4096] Endgame KQB-KQB} 30. h5 Qc7 31. Bd3 Qc3 ({Much less strong is} 31... gxh5 32. Qh6 Bc5 33. Qxe6+ Qf7 {[#]} 34. Bxh7+ $1 (34. Qc8+ Qf8 $16) 34... Kg7 35. Qxf7+ Kxf7 36. Kf1 $18) 32. hxg6 hxg6 33. Bxg6 {[%emt 0:03:57] Qf4 would kill now.} Qxe3 (33... Qa1+ $2 34. Kh2 Kg7 35. Be8 $18 (35. Qg3 Qc3 $18)) 34. fxe3 {[%emt 0:00:09] KB-KB} Bd8 35. Bd3 Bc7 36. e4 dxe4 37. Bxe4 Bxe5 38. Kf2 Kg7 39. Kf3 Kf6 40. Bd3 Bc3 {[%emt 0:00:07] A balanced but interesting game.  Weighted Error Value: White=0.02 (flawless) /Black=0.02 (flawless)} 1/2-1/2

[Event "Summer Chess Classic-A 2022"]
[Site "Saint Louis"]
[Date "2022.06.07"]
[Round "6.4"]
[White "Smirin, Ilia"]
[Black "Theodorou, Nikolas"]
[Result "1/2-1/2"]
[ECO "E94"]
[WhiteElo "2599"]
[BlackElo "2567"]
[Annotator "TA"]
[PlyCount "71"]
[EventDate "2022.05.31"]
[EventType "tourn"]
[EventCountry "USA"]
[SourceTitle "playchess.com"]
[Source "ChessBase"]
[SourceQuality "1"]
[TimeControl "40/5400+30:1800+30"]

1. d4 Nf6 2. c4 g6 3. Nc3 Bg7 4. e4 d6 5. Be2 O-O 6. Nf3 e5 7. O-O h6 {[%emt 0:02:26] E94: King's Indian: Classical: 6 Be2 e5 7 0-0: Various Black 7th moves.} 8. dxe5 dxe5 9. Be3 Nc6 {[%emt 0:00:13] White is slightly better.} 10. h3 Re8 11. c5 {[%emt 0:06:09] [#]} Qxd1 $146 ({Predecessor:} 11... Nd7 12. Bb5 a6 13. Bxc6 bxc6 14. Qa4 Qf6 15. Nd2 Nf8 16. Nc4 Bd7 17. Rad1 Reb8 18. Ne2 {½-½ (32) Babula,V (2569)-Dziuba,M (2564) Lublin 2009}) 12. Rfxd1 Be6 13. Bb5 {[%emt 0:01:24] The position is equal.} Nd7 14. Nd5 Rac8 15. g4 Nd4 16. Nxd4 (16. Bxd4 {keeps more tension.} c6 17. Be3 cxb5 18. b4) 16... exd4 17. Bxd7 Bxd7 18. Bxd4 Rxe4 19. Bf6 Ba4 20. Rd2 Kf8 {[%emt 0:11:48] Against Ne7} 21. Nc3 Rc4 22. Bxg7+ Kxg7 23. Nxa4 Rxa4 $11 {[%emt 0:00:03][%mdl 4096] Endgame KRR-KRR} 24. b3 Re4 25. c6 bxc6 26. Rc1 a5 $1 27. Rxc6 a4 28. Rd7 axb3 29. axb3 Rb4 30. Rcxc7 Rxc7 31. Rxc7 Rxb3 {[%emt 0:00:04] KR-KR} 32. Kg2 Ra3 33. Rb7 Rc3 34. Rd7 Ra3 35. Rb7 Rc3 36. Rd7 {[%emt 0:00:07] Weighted Error Value: White=0.03 (flawless) /Black=0.02 (flawless)} 1/2-1/2

[Event "Summer Chess Classic-A 2022"]
[Site "Saint Louis"]
[Date "2022.06.08"]
[Round "7.1"]
[White "Sevian, Samuel"]
[Black "Smirin, Ilia"]
[Result "0-1"]
[ECO "B43"]
[WhiteElo "2703"]
[BlackElo "2599"]
[Annotator "TA"]
[PlyCount "92"]
[EventDate "2022.05.31"]
[EventType "tourn"]
[EventCountry "USA"]
[SourceTitle "playchess.com"]
[Source "ChessBase"]
[SourceQuality "1"]
[TimeControl "40/5400+30:1800+30"]

1. e4 c5 2. Nf3 e6 3. d4 cxd4 4. Nxd4 a6 5. Nc3 b5 6. Bd3 Bb7 7. O-O Nc6 8. Nxc6 Bxc6 9. Re1 {[%emt 0:00:08] B43: Sicilian: Kan Variation: 5 Nc3.} Ne7 $1 {[%emt 0:00:38][%cal Bg8e7,Be7g6,Bg6e5,Be5d3][%mdl 4] 9...Ne7 is the modern continuation.} 10. Qh5 Ng6 11. a4 {[%emt 0:11:35][%cal Ra4b5] The position is equal.} bxa4 12. Nxa4 Bd6 13. Nc5 {[%emt 0:21:47] [#]} O-O $146 ({Predecessor:} 13... a5 14. Nb3 Be5 15. c3 O-O 16. Nd4 a4 17. Nxc6 dxc6 18. Bc2 a3 19. Rxa3 Rxa3 20. bxa3 Bxc3 {½-½ (46) Mosadeghpour,M (2489)-Kovalenko,I (2668) Sousse 2021}) 14. Bd2 (14. Be3 $11) 14... Ne5 {[%emt 0:03:09] And now ...g6 would win.} (14... f5 $5 15. Ra5 (15. exf5 Bxc5 16. fxg6 Rxf2 $17) (15. Nxa6 $2 fxe4 16. Bc4 Qb6 $19) 15... Nf4 $17) 15. Bc3 (15. Bxa6 $2 Bxc5 16. Qxe5 Qb6 $19) ({Don't blunder} 15. Rxa6 $2 g6 16. Rxa8 Bxa8 $19) 15... Nxd3 16. Nxd3 f5 17. f3 (17. e5 $5 Be7 18. Qh3 $11) 17... a5 18. Kh1 Rf7 19. Be5 Bf8 20. Bc3 Bd6 21. Be5 Bf8 22. Bg3 (22. Bc3 $5 ) 22... fxe4 23. fxe4 d6 {[%emt 0:00:05] Prevents Ne5.} 24. e5 Rf5 (24... d5 $17) 25. Qg4 dxe5 26. Nxe5 Bb7 27. Rad1 Qb6 28. Qe2 Re8 (28... Qxb2 $2 29. Rb1 Qa2 30. Rxb7 $18) 29. c3 Bd5 30. Ng4 {[%emt 0:01:24] Ne3 is the strong threat.} Bc5 31. c4 Ba8 {[%emt 0:01:56] Strongly threatening ...Ref8. This bishop pair is nice.} 32. Rd7 $2 (32. Ne5 $15) 32... h5 $19 33. Ne5 Bf2 $2 (33... Ref8 $1 $19 34. b4 Rf2 $1 35. Bxf2 (35. bxc5 Rxe2 36. h4 Rxe1+ 37. Bxe1 Qxc5 38. Nf3 Bxf3 39. gxf3 Qe3 40. Kh2 Qxe1 41. Kg2 Qe2+ 42. Kg1 Rxf3 43. Rd8+ Kh7) 35... Rxf2) 34. Rf1 $15 {[%emt 0:01:08] [#] Inhibits Rf2.} Qe3 35. Qxe3 (35. Rd2 Bxg3) 35... Bxe3 {[%emt 0:00:06][%cal Rf5f1] The board is on fire.} 36. Rxf5 exf5 37. Nf3 $2 {[%emt 0:00:03] [#]} (37. h4 $1 $15) 37... g5 $1 $19 38. Bc7 $2 (38. Nd4 f4 39. Nf5) 38... g4 39. Ng1 (39. Ne1 $142 f4 40. h3) 39... f4 {[%emt 0:00:53] Hoping for ...f3.} 40. h3 f3 41. gxf3 gxf3 42. Nxf3 Bxf3+ 43. Kh2 Bc6 44. Rd1 a4 {[%emt 0:00:39] aiming for ...Re4.} 45. Kg3 Re7 46. Rd8+ Kh7 {[%emt 0:00:12] Weighted Error Value: White=0.76/Black=0.12 (very precise)} 0-1

[Event "Summer Chess Classic-A 2022"]
[Site "Saint Louis"]
[Date "2022.06.08"]
[Round "7.2"]
[White "Bjerre, Jonas Buhl"]
[Black "Gledura, Benjamin"]
[Result "1-0"]
[ECO "D40"]
[WhiteElo "2610"]
[BlackElo "2644"]
[Annotator "TA"]
[PlyCount "85"]
[EventDate "2022.05.31"]
[EventType "tourn"]
[EventCountry "USA"]
[SourceTitle "playchess.com"]
[Source "ChessBase"]
[SourceQuality "1"]
[TimeControl "40/5400+30:1800+30"]

1. Nf3 c5 2. c4 Nc6 3. Nc3 Nf6 4. e3 e6 5. d4 d5 6. a3 dxc4 7. Bxc4 a6 8. O-O b5 9. Ba2 Bb7 10. Qe2 Be7 {[%emt 0:10:03] D40: Queen's Gambit Declined: Semi-Tarrasch with 5 e3.} 11. Rd1 {[%emt 0:05:20] Threatening dxc5.} Qc7 12. dxc5 Bxc5 {[%emt 0:00:24] White is slightly better.} 13. b4 Be7 14. Bb2 O-O 15. Rac1 Rfd8 {[%emt 0:13:40] [#]} 16. Bb1 $146 ({Predecessor:} 16. Nd4 Rac8 17. Nxe6 fxe6 18. Bxe6+ Kh8 19. Bxc8 Bxc8 20. Rxd8+ Bxd8 21. Qf3 {1-0 (56) Fojt,P (1527)-Szotkowski,D (1465) Kouty nad Desnou 2015}) 16... Rxd1+ 17. Qxd1 Rc8 18. Ng5 Qd8 19. Qf3 Qd2 20. Bxh7+ Nxh7 21. Qxf7+ Kh8 22. Nxe6 $40 {[%emt 0:01:04][%csl Ge6][%cal Rf7g7][%mdl 128] White attacks.} Bf6 {[%emt 0:00:57][%mdl 8192] Black is now going downhill.} 23. Qxb7 $18 {[%emt 0:02:34] Dancing on a razor blade.} Ne7 {[%emt 0:00:09] [#]} 24. Rf1 $1 Qxb2 (24... Re8 25. Ne4) 25. Nd5 {[%emt 0:00:20] White is clearly winning.} Rc1 {[%emt 0:14:27][%cal Ob2b1] ( -> ...Qb1!)} 26. Nxe7 {[%emt 0:01:17] Qa8+ would kill now.} Bxe7 27. Qxe7 Rxf1+ 28. Kxf1 {[%emt 0:00:10][%mdl 4096] Endgame KQN-KQN} Qc1+ 29. Ke2 Qc4+ 30. Kf3 Qxe6 31. Qxe6 {[%emt 0:00:23] Threatening mate with Qe8+.} Ng5+ 32. Kf4 Nxe6+ {[%emt 0:00:06] KN-KP} 33. Ke5 Nd8 34. Kd6 Nf7+ 35. Kc7 Ne5 36. Kb6 Nc4+ 37. Kxa6 Nxa3 38. h4 Kg8 39. e4 Kf7 40. f4 {[%emt 0:01:47] aiming for g4.} Ke6 41. g4 {[%emt 0:03:09][%cal Bg2g4,Bg4g5][%mdl 32] Threatens to win with h5.} Kd7 42. h5 Nc4 43. g5 {[%emt 0:01:52] Weighted Error Value: White=0.04 (flawless) /Black=0.54} 1-0